 Dungeon Crawl Stone Soup version 0.28-a0-984-g3775c662fe (webtiles) character file.

Game seed: 17668150875986184769

902 spiderkeys the Skirmisher (level 8, -7/64 HPs)
             Began as a Barachi Abyssal Knight on Dec 3, 2021.
             Was an Elder of Lugonu.
             Mangled by Edmund (8 damage)
             ... on level 5 of the Dungeon.
             The game lasted 00:16:09 (6630 turns).

spiderkeys the Skirmisher (Barachi Abyssal Knight)  Turns: 6630, Time: 00:16:11

Health: -7/64      AC:  9    Str: 16    XL:     8   Next: 7%
Magic:  10/10      EV: 12    Int: 10    God:    Lugonu [****..]
Gold:   245        SH:  0    Dex: 14    Spells: 5/7 levels left

rFire   . . .      SeeInvis .   a - +0 war axe (venom)
rCold   + . .      Faith    +   (no shield)
rNeg    . . .      Spirit   .   e - +0 ring mail
rPois   .          Reflect  .   (no helmet)
rElec   .          Harm     .   D - +0 cloak
rCorr   +          Rampage  .   K - +0 pair of gloves of Ethics {rC+}
Will    +....                   o - +1 pair of boots
Stlth   +.........              T - amulet of faith {!P}
HPRegen 0.20/turn               G - ring of willpower
MPRegen 0.12/turn               R - ring of resist corrosion

@: slow
A: amphibious, slowness 1, strong legs 1, +LOS
a: Hop, Renounce Religion, Depart the Abyss, Bend Space, Banish, Corrupt


You were on level 5 of the Dungeon.
You worshipped Lugonu.
Lugonu was greatly pleased with you.
You visited 1 branch of the dungeon, and saw 5 of its levels.
You visited the Abyss 1 time.
You also visited: Sewer.

You collected 245 gold pieces.


Innate Abilities, Weirdness & Mutations

You are amphibious.
You cover ground slowly.
You can hop short distances.
You have an extended range of vision and can be seen from far away.


   Skills:
 + Level 6.0 Fighting
 + Level 4.8 Axes
 - Level 2.4 Armour
 + Level 4.2 Dodging
 + Level 4.0 Air Magic
 + Level 3.9 Invocations


You had 5 spell levels left.
You knew the following spells:

 Your Spells              Type           Power      Damage    Failure   Level
t - Static Discharge      Conj/Air       4%         N/A       43%         2

Your spell library contained the following spells:

 Spells                   Type           Power      Damage    Failure   Level
 Freeze                   Ice            0%         1d3       56%         1
 Sandblast                Erth           0%         2d4       56%         1
 Sting                    Tmut/Pois      0%         1d3       56%         1
 Summon Lightning Spire   Summ/Air       4%         N/A       97%         4
 Lightning Bolt           Conj/Air       2%         1d13      100%        5
 Storm Form               Tmut/Air       2%         N/A       100%        7
 Maxwell's Capacitive Co  Air            4%         ∞         100%        8

Inventory:

Hand Weapons
 a - a +0 war axe of venom (weapon)
   (You found it on level 4 of the Dungeon)
 b - a +0 hunting sling
   (You found it on level 1 of the Dungeon)
 B - a +1 hand axe
Missiles
 i - 104 stones
 j - 56 bolts
 n - 96 sling bullets
 q - 21 poisoned darts
 t - 38 arrows
 x - 6 atropa-tipped darts
 F - 4 javelins
Armour
 e - a +0 ring mail (worn)
   (You found it on level 1 of the Dungeon)
 f - a +0 leather armour
 l - a scarf of harm
   (You found it on level 1 of the Dungeon)
 o - a +1 pair of boots (worn)
   (You found it on level 2 of the Dungeon)
 D - a +0 cloak (worn)
   (You found it on level 4 of the Dungeon)
 K - the +0 pair of gloves of Ethics (worn) {rC+}
   (You found it in a sewer)

   rC:        It protects you from cold.
Magical Staves
 d - a staff of air {!a}
   (You found it on level 2 of the Abyss)
 v - a staff of death {!a}
   (You found it on level 3 of the Dungeon)
Jewellery
 G - a ring of willpower (left hand)
   (You found it on level 4 of the Dungeon)
 R - a ring of resist corrosion (right hand)
   (You found it on level 4 of the Dungeon)
 T - an amulet of faith (around neck) {!P}
   (You found it on level 3 of the Dungeon)
Wands
 c - a wand of polymorph (3)
   (You found it on level 2 of the Abyss)
 k - a wand of digging (7)
   (You found it on level 2 of the Dungeon)
 L - a wand of acid (9)
   (You found it in a sewer)
Scrolls
 A - a scroll of silence {!r}
 I - 2 scrolls of enchant armour
 J - 2 scrolls of fog
Potions
 g - 2 potions of cancellation
 h - a potion of ambrosia {unknown}
 m - a potion of flight {unknown}
 p - a potion of berserk rage {unknown}
 r - a potion of resistance {unknown}
 u - 2 potions of lignification {unknown}
 w - a potion of degeneration {unknown}
 z - 2 potions of haste {unknown}
 E - 4 potions of magic {unknown}
 M - a potion of might {unknown}
 N - 2 potions of invisibility {unknown}

Dungeon Overview and Level Annotations

Branches:
Dungeon (5/15)              Sewer (visited)
 Temple: D:4-7

Altars:
Sif Muna

Portals:
Ossuary: D:5

Annotations:
D:4 Pikel
D:5 Edmund, Grinder

. . . ##. # ##(#
.# #.##..# .#
#.#...### ..##
#.....@M##...
#.#..@###..#
##..##..# ##.#..#
##...#####
##........# #
##......[..#
##.#..........###
#....?...........


You could see Edmund (very poisoned) and a mummy.


Message History

The gnoll hits you but does no damage.
The gnoll hits you from afar with a +0 spear.
* * * LOW HITPOINT WARNING * * *
Edmund hits your orc wizard with a +7 flail!
Your orc hits the gnoll with a +0 falchion.
Your orc hits Edmund with a +0 mace.
Your orc wizard barely misses Edmund.
The gnoll closely misses your orc. 😨 HP[-4]
You take 4 damage, and now have 22/64 hp.
You hit the gnoll.
You kill the gnoll!
Lugonu accepts your kill.
You feel very sick. The gnoll hits you but does no damage.
Edmund closely misses your orc wizard.
Your orc hits the gnoll with a +0 falchion.
Your orc wizard barely misses Edmund.
Your centaur skeleton hits Edmund.
Your centaur skeleton kicks Edmund.
The gnoll hits you from afar with a +0 spear.
* * * LOW HITPOINT WARNING * * *
😱 HP[-6]
You take 6 damage, and now have 16/64 hp.
You feel sick. Edmund closely misses your orc wizard.
Your centaur skeleton hits Edmund.
Your centaur skeleton kicks Edmund but does no damage.
Your orc closely misses the gnoll.
Your orc wizard points at Edmund and mumbles some strange words.
Edmund appears confused.
The gnoll hits you with a +0 spear.
* * * LOW HITPOINT WARNING * * *
Items here: )) ††. 😱 HP[-6]
You take 6 damage, and now have 10/64 hp.
You slash the gnoll!
The gnoll is poisoned.
You feel sick.
Your orc closely misses the gnoll.
The gnoll hits you with a +0 spear.
* * * LOW HITPOINT WARNING * * *
Your orc hits the gnoll with a +0 short sword.
Your orc hits the gnoll with a +0 falchion.
The gnoll dies!
Lugonu accepts your kill.
Your orc completely misses Edmund. 😱 HP[-3]
You take 3 damage, and now have 7/64 hp.
It was a potion of cancellation.
You feel magically purged.
You feel sick.
Your centaur skeleton hits Edmund but does no damage.
Your centaur skeleton kicks Edmund.
Edmund hits your centaur skeleton with a +7 flail!
Your orc closely misses Edmund. 😱 HP[-1]
You take 1 damage, and now have 6/64 hp.
You feel sick.
Your centaur skeleton barely misses Edmund.
Your centaur skeleton kicks Edmund.
You see here a +0 spear. 😱 HP[-1]
You take 1 damage, and now have 5/64 hp.
You feel sick.
You are no longer poisoned.
You feel much better.
Your centaur skeleton hits Edmund but does no damage.
Your centaur skeleton kicks Edmund but does no damage. 😨 HP[+15]
You regained 15 hp, and now have 20/64 hp.
You swap places.
The adder bites you but does no damage.
You hit the adder.
The adder is poisoned.
The adder bites you.
* * * LOW HITPOINT WARNING * * *
The adder bites you but does no damage.
Your orc completely misses the adder. 😨 HP[-1]
You take 1 damage, and now have 19/64 hp.
You barely miss the adder.
Your orc wizard dissolves into shadows!
The adder barely misses you.
Your orc closely misses the adder.
Your orc barely misses the adder.
The adder bites you but does no damage.
You hit the adder.
You kill the adder!
Lugonu accepts your kill.
Your orc dissolves into shadows! x2 😨 HP[+1]
Your orc dissolves into shadows! 😨 HP[+1]
Your centaur skeleton dissolves into shadows! 😨 HP[+1] 😨 HP[+1]
Your orc dissolves into shadows! 😨 HP[+1]
You hear the quick hiss of an avalanche of sand very nearby. 😨 HP[+1] 😨 HP[+1]
You open the door.
A mummy comes into view.
Found a sand-covered staircase.
The mummy hits you!
* * * LOW HITPOINT WARNING * * *
There is an open door, spattered with blood here. 😱 HP[-11]
You take 11 damage, and now have 15/64 hp.
Unknown command.
You slash the mummy! You hit Edmund.
Edmund is poisoned.
Edmund completely misses you. The mummy hits you!
* * * LOW HITPOINT WARNING * * *
Edmund hits you with a +7 flail!
You die...

Skill      XL: |  1  2  3  4  5  6  7 |
---------------+----------------------+-----
Air Magic      | 1 2 3 4 |  4.0
Invocations    | 2 3 |  3.9
Fighting       | 4 5 6 |  6.0
Dodging        | 2 3 4 |  4.2
Axes           | 3 4 |  4.8
Armour         | |  2.4

Action                   |  1- 3 |  4- 6 |  7- 9 || total
-------------------------+-------+-------+-------++-------
Melee: Hand axe          |    94 |   135 |       ||   229
       War axe           |       |    17 |   133 ||   150
 Fire: Hunting sling     |    28 |    31 |     1 ||    60
Throw: Dart              |       |     8 |       ||     8
Invok: Depart the Abyss  |     1 |       |       ||     1
       Bend Space        |       |       |     1 ||     1
 Abil: Hop               |     1 |     3 |     1 ||     5
Evoke: Wand              |       |     1 |       ||     1
  Use: Scroll            |     3 |       |     8 ||    11
       Potion            |     1 |     1 |     5 ||     7
 Stab: Distracted        |       |       |     1 ||     1
Armor: Ring mail         |    29 |    55 |    84 ||   168
       Leather armour    |       |     1 |       ||     1
Dodge: Dodged            |    51 |    86 |   144 ||   281

Levels and vault maps discovered:
D:1:      dpeg_arrival_central, layout_basic
D:2:      layout_loops_cross
D:3:      kennysheep_the_goblin_king, layout_rooms,
          nicolae_sif_muna_little_library, corner_web_ring, minmay_circle_x
D:4:      layout_basic, serial_rivers, chequers_serial_rivers_small_b,
          chequers_serial_rivers_large_a, chequers_serial_rivers_micro_d,
          chequers_serial_rivers_small_3
D:5:      layout_rooms, nicolae_ossuary_entry_giza, portal_sewer_entry_a,
          kennysheep_generic_room_12, uniq_edmund, uniq_grinder, uniq_pikel

Notes
Turn   | Place    | Note
-------+----------+-------------------------------------------
     0 | Abyss:1  | spiderkeys the Barachi Abyssal Knight began the quest for
                  | the Orb.
     0 | Abyss:1  | Reached XP level 1. HP: 18/18 MP: 2/2
     0 | Abyss:1  | magus.rc [v1.9.10]
    11 | Abyss:1  | Found a corrupted altar of Lugonu.
    64 | Abyss:2  | Found a corrupted altar of Lugonu.
    73 | Abyss:2  | You pick up a book of the Sky and begin reading...
    73 | Abyss:2  | You add the spells Summon Lightning Spire, Storm Form and
                  | Maxwell's Capacitive Coupling to your library.
   119 | Abyss:2  | Noticed a great orb of eyes
   119 | Abyss:2  | Paralysed by a great orb of eyes for 2 turns
   126 | D:1      | You pass through the gate.
   126 | D:1      | Escaped the Abyss
   549 | D:1      | Reached * piety under Lugonu
   680 | D:1      | Reached XP level 2. HP: 20/25 MP: 3/3
  1379 | D:2      | Reached skill level 1 in Air Magic
  1582 | D:2      | Reached skill level 2 in Invocations
  1582 | D:2      | Reached XP level 3. HP: 15/30 MP: 4/4
  1782 | D:2      | HP: 7/30 [worm (9)]
  1832 | D:2      | Reached skill level 4 in Fighting
  2299 | D:2      | Reached skill level 2 in Dodging
  2299 | D:2      | Reached XP level 4. HP: 22/37 MP: 5/5
  2457 | D:2      | You pick up a book of Lightning and begin reading...
  2457 | D:2      | You add the spells Static Discharge and Lightning Bolt to
                  | your library.
  2594 | D:2      | Learned a level 2 spell: Static Discharge
  3220 | D:3      | Reached ** piety under Lugonu
  3271 | D:3      | HP: 9/37 [hornet zombie (11)]
  4022 | D:3      | HP: 3/37 [hornet zombie (9)]
  4027 | D:3      | Reached skill level 3 in Axes
  4027 | D:3      | Reached skill level 2 in Air Magic
  4027 | D:3      | Reached XP level 5. HP: 4/43 MP: 6/6
  4614 | D:3      | Noticed Ijyb
  4675 | D:3      | Killed Ijyb
  4676 | D:3      | Reached XP level 6. HP: 21/50 MP: 8/8
  5023 | D:3      | Found a shimmering blue altar of Sif Muna.
  5123 | D:3      | Got Sif Muna's Catalogue of the Mountains
  5125 | D:3      | Got Sif Muna's Papyrus of Transmigration
  5127 | D:3      | Got Sif Muna's Disquisition on the Frostbite
  5316 | D:4      | Reached skill level 5 in Fighting
  5316 | D:4      | Reached skill level 3 in Dodging
  5316 | D:4      | Reached skill level 3 in Invocations
  5476 | D:4      | Reached skill level 3 in Air Magic
  5654 | D:4      | Reached XP level 7. HP: 56/56 MP: 9/9
  5754 | D:4      | Reached skill level 4 in Axes
  6231 | D:5      | Entered Level 5 of the Dungeon
  6231 | D:5      | Noticed Edmund
  6231 | D:5      | Noticed Pikel
  6268 | D:5      | Found a glowing drain.
  6271 | D:5      | Noticed Grinder
  6279 | Sewer    | Entered a sewer
  6342 | Sewer    | Reached *** piety under Lugonu
  6404 | Sewer    | Identified the +0 pair of gloves of Ethics {rC+}
  6511 | Sewer    | HP: 14/56 [bullfrog (3)]
  6517 | Sewer    | Reached **** piety under Lugonu
  6519 | Sewer    | Reached skill level 4 in Dodging
  6588 | D:5      | Reached skill level 6 in Fighting
  6588 | D:5      | Reached skill level 4 in Air Magic
  6588 | D:5      | Reached XP level 8. HP: 32/64 MP: 10/10
  6590 | D:5      | HP: 16/64 [gnoll (3)]
  6592 | D:5      | HP: 7/64 [gnoll (1)]
  6628 | D:5      | Found a sand-covered staircase.
  6629 | D:5      | HP: 15/64 [mummy (12)]
  6630 | D:5      | HP: 1/64 [mummy (14)]
  6630 | D:5      | Mangled by Edmund

Vanquished Creatures
  A hornet zombie (D:3)
  2 ogres (D:4)
  2 lemures (D:5)
  2 bullfrogs (Sewer)
  A water moccasin skeleton (D:4)
  Ijyb (D:3)
  2 iguanas
  11 adders
  5 gnolls
  4 river rats (Sewer)
  4 worms (D:2)
  A dart slug (D:2)
  2 orcs
  7 endoplasms
  3 giant cockroaches
  12 goblins
  6 hobgoblins
  2 jackals (D:3)
  4 kobolds
  5 quokkas
  14 ball pythons
  3 bats
  7 frilled lizards
  25 rats
126 creatures vanquished.

Vanquished Creatures (collateral kills)
  A phantom (D:5)
  2 gnolls (D:5)
3 creatures vanquished.

Grand Total: 129 creatures vanquished

Table legend:
 A = Non-vault XP
 B = Vault XP
 C = Vault XP percentage of total XP
 D = Non-vault monster count
 E = Vault monster count
 F = Vault count percentage of total count
                 A         B        C        D         E       F
            +---------+---------+-------+---------+---------+-------
      Total |     889 |     400 |  31.0 |      70 |      57 |  44.9
            +---------+---------+-------+---------+---------+-------
        D:1 |      26 |       0 |   0.0 |      15 |       0 |   0.0
        D:2 |      73 |       0 |   0.0 |      21 |       0 |   0.0
        D:3 |     189 |      49 |  20.6 |      12 |       8 |  40.0
        D:4 |     395 |       0 |   0.0 |      15 |       0 |   0.0
        D:5 |     206 |       1 |   0.5 |       7 |       1 |  12.5
      Sewer |       0 |     350 | 100.0 |       0 |      48 | 100.0
            +---------+---------+-------+---------+---------+-------

Illustrated notes

Table legend:
 A = Kills in this place as a percentage of kills in entire the game.
 B = Kills by you in this place as a percentage of kills by you in the entire game.
 C = Kills by friends in this place as a percentage of kills by friends in the entire game.
 D = Other kills in this place as a percentage of other kills in the entire game.
 E = Experience gained in this place as a percentage of experience gained in the entire game.
 F = Experience gained in this place divided by the number of levels of this place that you have seen.
                   A       B       C       D       E      F
               +-------+-------+-------+-------+-------+----------------------
         Total | 100.0 | 100.0 | 100.0 |   N/A | 100.0 | 161.1
       Dungeon |  62.2 |  61.3 | 100.0 |   N/A |  72.8 | 187.8
         Sewer |  37.8 |  38.7 |   0.0 |   N/A |  27.2 | 350.0
               +-------+-------+-------+-------+-------+----------------------

Table legend: (Time is in decaauts)
 A = Elapsed time spent in this place.
 B = Non-inter-level travel time spent in this place.
 C = Inter-level travel time spent in this place.
 D = Time resting spent in this place.
 E = Time spent auto-exploring this place.
 F = Levels seen in this place.
 G = Mean time per level.
                   A        B        C        D        E       F      G
               +--------+--------+--------+--------+--------+-----+--------+
         Total |   7324 |   7122 |    202 |   1236 |   4537 |   8 |  915.5 |
       Dungeon |   6869 |   6667 |    202 |   1236 |   4409 |   5 | 1373.8 |
         Abyss |    149 |    149 |      0 |      0 |    128 |   2 |   74.5 |
         Sewer |    305 |    305 |      0 |      0 |      0 |   1 |  305.0 |
               +--------+--------+--------+--------+--------+-----+--------+

Top non-repeatable levels by time:
     D:2: 2501 daAuts
     D:3: 1489 daAuts
     D:1: 1469 daAuts
     D:4: 1260 daAuts
   Sewer: 305 daAuts
     D:5: 147 daAuts
 Abyss:2: 80 daAuts
 Abyss:1: 69 daAuts
